 Dungeon Crawl Stone Soup version 0.30-a0-802-gb92711bcdf (webtiles) character file.

Game seed: 12376369449170311609

237 cforsyth the Sneak (level 6, -4/38 HPs)
             Began as a Kobold Brigand on Feb 24, 2023.
             Slain by a killer bee (7 damage)
             ... on level 4 of the Dungeon.
             The game lasted 00:03:07 (3249 turns).

cforsyth the Sneak (Kobold Brigand)                 Turns: 3249, Time: 00:03:08

Health: -4/38      AC:  7    Str:  9    XL:     6   Next: 28%
Magic:  6/6        EV: 20    Int: 12    God:
Gold:   254        SH:  0    Dex: 18    Spells: 5/5 levels left

rFire   + + .      SeeInvis +    a - +2 dagger
rCold   + . .      Faith    .    (no shield)
rNeg    . . .      Spirit   .    A - +2 leather armour {rF+}
rPois   +          Reflect  .    (no helmet)
rElec   +          Harm     .    c - +0 cloak
rCorr   +          Rampage  .    t - +0 pair of gloves
Will    .....                    (no boots)
Stlth   ++++                     (no amulet)
HPRegen 0.26/turn                g - +5 ring of evasion
MPRegen 0.10/turn                w - ring of see invisible

@: lethally poisoned (-4 -> -12), resistant
A: small, no large weapons, nightstalker 3
a: no special abilities


You were on level 4 of the Dungeon.
You visited 1 branch of the dungeon, and saw 4 of its levels.

You collected 254 gold pieces.

Inventory:

Hand Weapons
 a - a +2 dagger (weapon)
Missiles
 d - 16 poisoned darts (quivered)
 e - 3 curare-tipped darts
Armour
 c - a +0 cloak (worn)
 t - a +0 pair of gloves (worn)
 A - a +2 leather armour of fire resistance (worn)
Jewellery
 b - an amulet of guardian spirit
 g - a +5 ring of evasion (left hand)
 w - a ring of see invisible (right hand)
Scrolls
 i - 2 scrolls of amnesia {unknown}
 k - a scroll of torment {unknown}
 l - a scroll of blinking {unknown}
 m - a scroll of brand weapon {unknown}
 n - 2 scrolls of magic mapping {unknown}
 p - a scroll of vulnerability {unknown}
 q - a scroll of fog {unknown}
 s - 2 scrolls of silence {unknown}
 u - a scroll of butterflies {unknown}
 v - 3 scrolls of teleportation {unknown}
 x - 2 scrolls of poison {unknown}
 y - 2 scrolls of identify {unknown}
Potions
 f - a potion of cancellation
 j - a potion of degeneration {unknown}
 o - a potion of mutation {unknown}
 r - a potion of curing {unknown}
 z - a potion of flight {unknown}
 B - a potion of berserk rage {unknown}


   Skills:
 + Level 3.8 Fighting
 + Level 4.6 Short Blades
 - Level 2.1 Throwing
 + Level 3.5 Dodging
 + Level 6.7 Stealth


You had 5 spell levels left.
You didn't know any spells.
Your spell library contained the following spells:

 Spells                   Type           Power      Damage    Failure   Level
 Scorch                   Fire           0%         2d5       56%         2
 Flame Wave               Conj/Fire      0%         2d4       99%         4
 Summon Forest            Summ/Tloc      0%         N/A       100%        5
 Summon Mana Viper        Hex/Summ       0%         N/A       100%        5
 Summon Cactus Giant      Summ           0%         N/A       100%        6


Dungeon Overview and Level Annotations

Branches:
Dungeon (4/15)
 Temple: D:4-7

Altars:
Gozag
Okawaru
Xom
Yredelemnul


Innate Abilities, Weirdness & Mutations

You are small and have problems with some larger weapons.
You are completely attuned to the shadows.


Message History

The killer bee poisons you! The killer bee stings you.
The killer bee misses you.
You are too injured to fight recklessly!
You are too injured to fight recklessly!
You are too injured to fight recklessly!
You are too injured to fight recklessly!
You are too injured to fight recklessly!
You are too injured to fight recklessly!
You are too injured to fight recklessly!
You are too injured to fight recklessly!
You feel very sick.
The killer bee stings you but does no damage.
You see here a killer bee corpse.
You are too injured to fight recklessly!
You hit the killer bee but do no damage.
The killer bee is lightly wounded.
You feel sick. The killer bee closely misses you. The killer bee misses you.
You hit the killer bee.
The killer bee is moderately wounded.
You feel sick. The killer bee misses you.
You closely miss the killer bee.
The killer bee is moderately wounded.
You feel sick. The killer bee barely misses you.
The killer bee closely misses you.
You hit the killer bee but do no damage.
The killer bee is moderately wounded.
You feel sick. The killer bee misses you.
You miss the killer bee.
The killer bee is moderately wounded.
You feel sick. The killer bee misses you. The killer bee closely misses you.
It was a potion of cancellation.
You feel magically purged.
You feel sick. The killer bee closely misses you. The killer bee stings you.
* * * LOW HITPOINT WARNING * * *
You are lethally poisoned!
The killer bee poisons you!
It was a potion of resistance.
You feel protected.
* * * LOW HITPOINT WARNING * * *
You feel sick. The killer bee closely misses you. The killer bee stings you!
You die...

#...#
#.........#
#...####.
########..#
#........
.....
##.#######
.#.#. #.#
.... .#
#.###.####
#....y....
....#.#y###
....#.#@#
#####.###
#.#


You could see 2 killer bees.

Vanquished Creatures
  3 killer bees (D:4)
  Terence (D:2)
  An adder (D:4)
  5 orcs (D:3)
  7 bats
  5 endoplasms
  A giant cockroach (D:3)
  2 goblins
  5 hobgoblins
  8 jackals
  4 quokkas
  8 ball pythons
  7 frilled lizards
  4 kobolds
  8 rats
69 creatures vanquished.

Vanquished Creatures (others)
  A plant (D:3)
1 creature vanquished.

Grand Total: 70 creatures vanquished

Notes
Turn   | Place    | Note
-------+----------+-------------------------------------------
     0 | D:1      | cforsyth the Kobold Brigand began the quest for the Orb.
     0 | D:1      | Reached XP level 1. HP: 12/12 MP: 1/1
   144 | D:1      | Reached XP level 2. HP: 18/18 MP: 2/2
   227 | D:1      | Found a faded altar of an unknown god.
  1141 | D:2      | Reached XP level 3. HP: 22/22 MP: 3/3
  1221 | D:2      | Found a shimmering altar of Xom.
  1488 | D:2      | Noticed Terence
  1492 | D:2      | Killed Terence
  1493 | D:2      | Reached XP level 4. HP: 27/27 MP: 4/4
  1831 | D:2      | Reached skill level 6 in Stealth
  2391 | D:3      | Found a basalt altar of Yredelemnul.
  2391 | D:3      | Found an opulent altar of Gozag.
  2391 | D:3      | Found an iron altar of Okawaru.
  3128 | D:3      | Reached XP level 5. HP: 32/32 MP: 5/5
  3233 | D:4      | Reached XP level 6. HP: 37/37 MP: 6/6
  3249 | D:4      | Slain by a killer bee

Illustrated notes

Levels and vault maps discovered:
D:1:      sevenhm_arrival_forest_fort_small_5, layout_basic,
          shapermc_ecumenical_altar_mp_highgroup
D:2:      layout_loops_corners, basic_altar, uniq_terence
D:3:      layout_loops_corners, gammafunk_temple_overflow_forgotten
D:4:      layout_basic, nicolae_overflow_hidden_temple,
          mainiacjoe_overflow_six_doors_small, serial_shops, shop

Skill      XL: |  1  2  3  4  5 |
---------------+----------------+-----
Short Blades   | 3 4 |  4.6
Dodging        | 2 3 |  3.5
Fighting       | 3 |  3.8
Stealth        | 6 |  6.7
Throwing       | |  2.1

Action                     |  1- 3 |  4- 6 || total
---------------------------+-------+-------++-------
  Melee: Dagger            |    47 |   133 ||   180
         Punch             |       |     2 ||     2
    Use: Potion            |       |     2 ||     2
   Stab: Sleeping          |    22 |    18 ||    40
         Distracted        |       |     1 ||     1
 Armour: Robe              |     2 |    10 ||    12
         Leather armour    |       |     6 ||     6
  Dodge: Dodged            |    18 |   129 ||   147

Table legend: (Time is in decaauts)
 A = Elapsed time spent in this place.
 B = Non-inter-level travel time spent in this place.
 C = Inter-level travel time spent in this place.
 D = Time resting spent in this place.
 E = Time spent auto-exploring this place.
 F = Levels seen in this place.
 G = Mean time per level.
                   A        B        C        D        E       F      G
               +--------+--------+--------+--------+--------+-----+--------+
         Total |   3219 |   3060 |    159 |      0 |   2638 |   4 |  804.8 |
       Dungeon |   3219 |   3060 |    159 |      0 |   2638 |   4 |  804.8 |
               +--------+--------+--------+--------+--------+-----+--------+

Top non-repeatable levels by time:
     D:2: 1076 daAuts
     D:1: 1074 daAuts
     D:3: 996 daAuts
     D:4: 71 daAuts
